 Dungeon Crawl Stone Soup version 0.28.0-47-ge53b351184 (webtiles) character file.

Game seed: 11657289245588440348

16740 Gabide the Reanimator (level 12, -2/97 HPs)
             Began as a Mummy Necromancer on May 9, 2022.
             Was a Priest of Jiyva.
             Slain by a boulder beetle (20 damage)
             ... on level 13 of the Dungeon.
             The game lasted 00:31:06 (9621 turns).

Gabide the Reanimator (Mummy Necromancer)           Turns: 9621, Time: 00:31:07

Health: -2/97      AC:  7    Str: 13    XL:     12   Next: 12%
Magic:  22/24      EV: 17    Int: 18    God:    Jiyva [***...]
Gold:   381        SH:  0    Dex: 17    Spells: 15/28 levels left

rFire   x . .      SeeInvis .   b - +4 broad axe of Dishonesty {vorpal, Dex+5}
rCold   + . .      Faith    .   (no shield)
rNeg    + + +      Spirit   .   c - +1 robe {Will+}
rPois   ∞          Reflect  .   f - +0 helmet
rElec   .          Harm     .   (no cloak)
rCorr   +          Rampage  .   k - +0 pair of gloves
Will    ++...                   h - +1 pair of boots
Stlth   ++........              (no amulet)
HPRegen 1.38/turn               l - +4 ring of slaying
MPRegen 0.54/turn               (no ring)

@: no status effects
A: cold resistance 1, negative energy resistance 3, torment resistance 2, heat
vulnerability 1, no potions
a: Renounce Religion, Oozemancy


You were on level 13 of the Dungeon.
You worshipped Jiyva.
Jiyva was most pleased with you.
You visited 1 branch of the dungeon, and saw 13 of its levels.

You collected 417 gold pieces.
You spent 36 gold pieces at shops.

Inventory:

Hand Weapons
 b - the +4 broad axe of Dishonesty (weapon) {vorpal, Dex+5}
   (You found it on level 7 of the Dungeon)

   It inflicts extra damage upon your enemies.
   Dex:       It affects your dexterity (+5).
Armour
 c - a +1 robe of willpower (worn)
 f - a +0 helmet (worn)
 h - a +1 pair of boots (worn)
 k - a +0 pair of gloves (worn)
Jewellery
 l - a +4 ring of slaying (left hand)
Wands
 a - a wand of paralysis (2)
 i - a wand of charming (11)
Scrolls
 d - a scroll of magic mapping
 e - 2 scrolls of amnesia
 g - a scroll of teleportation
 m - a scroll of brand weapon
 n - a scroll of fear


   Skills:
 * Level 10.2 Fighting
 + Level 5.2 Axes
 * Level 8.8 Dodging
 - Level 1.5 Stealth
 + Level 8.9 Spellcasting
 * Level 11.0 Necromancy


You had 15 spell levels left.
You knew the following spells:

 Your Spells              Type           Power      Damage    Failure   Level
a - Pain                  Necr           100%       1d9       1%          1
b - Vampiric Draining     Necr           47%        2d9       1%          3
c - Animate Dead          Necr           23%        N/A       1%          4
d - Agony                 Necr           47%        N/A       2%          5

Your spell library contained the following spells:

 Spells                   Type           Power      Damage    Failure   Level
 Animate Skeleton         Necr           94%        N/A       1%          1
 Apportation              Tloc           16%        N/A       9%          1
 Slow                     Hex            32%        N/A       9%          1
 Summon Small Mammal      Summ           32%        N/A       9%          1
 Call Canine Familiar     Summ           8%         N/A       26%         3
 Confusing Touch          Hex            8%         N/A       26%         3
 Summon Guardian Golem    Hex/Summ       8%         N/A       26%         3


Dungeon Overview and Level Annotations

Branches:
Dungeon (13/15)            Temple (0/1) D:4            Lair (0/6) D:10
    Orc (0/2) D:11
 Vaults: D:13-14

Altars:
Ashenzari
Cheibriados
Dithmenos
Fedhas
Gozag
Kikubaaqudgha
Nemelex Xobeh
Qazlal
Sif Muna
Uskayaw
Xom
Yredelemnul
The Shining One
Jiyva

Shops:
D:2 ?   D:4 !   D:9 (   D:11 (

Annotations:
D:8 1 runed translucent door
D:9 exclusion: obsidian statue


Innate Abilities, Weirdness & Mutations

You are immune to poison.
Your flesh is cold resistant. (rC+)
You are immune to negative energy. (rN+++)
You are immune to unholy pain and torment.
You are vulnerable to heat. (rF-)
You do not drink.


Message History

You hit the boulder beetle but do no damage.
The basilisk bites you! The boulder beetle closely misses you.
The basilisk gazes at you. You resist with almost no effort.
You slash the basilisk!
The basilisk is almost dead.
You slash the boulder beetle! The boulder beetle bites you!
The basilisk closely misses you.
You hit the basilisk.
You kill the basilisk!
You hit the boulder beetle but do no damage.
The boulder beetle bites you!! x2
* * * LOW HITPOINT WARNING * * *
You are too injured to fight recklessly!
You are too injured to fight recklessly!
You are too injured to fight recklessly!
You are too injured to fight recklessly!
You are too injured to fight recklessly!
You are too injured to fight recklessly!
You are too injured to fight recklessly!
You are too injured to fight recklessly!
You are too injured to fight recklessly!
You are too injured to fight recklessly!
You are too injured to fight recklessly!
You are too injured to fight recklessly!
You are too injured to fight recklessly!
You are too injured to fight recklessly!
You are too injured to fight recklessly!
You are too injured to fight recklessly!
You are too injured to fight recklessly!
You are too injured to fight recklessly!
You are too injured to fight recklessly!
Casting: Vampiric Draining (safe; 1% risk of failure)
Confirm with . or Enter, or press ? or * to list all spells.
Aiming: Vampiric Draining (safe; 1% risk of failure)
Press: ? - help, Shift-Dir - straight line, f - boulder beetle
Aim: a boulder beetle (lightly wounded)
You draw life force from the boulder beetle!
You feel life coursing into your body! The boulder beetle bites you!!
You die...

#.## #..# #..# #..#
##!.# ##..## #####
###...#
###...#######<...##
###..........†@..###
###.........[..B..##
.......####......##
....#### ####..##
##### ####


You could see a boulder beetle.

Vanquished Creatures
  A boulder beetle (D:12)
  A hydra (D:12)
  A death knight (D:13)
  A two-headed ogre (D:12)
  Nergalle (D:10)
  Sonja (D:11)
  A phantasmal warrior (D:13)
  A manticore (D:12)
  Maurice (D:8)
  2 centaur zombies
  Joseph (D:10)
  A gargoyle (D:11)
  A komodo dragon (D:11)
  4 kobold demonologists
  2 trolls
  A queen bee (D:12)
  2 meliai (D:12)
  A hornet (D:10)
  2 shadows
  5 yaks (D:11)
  2 wraiths
  A wyvern (D:9)
  A basilisk (D:13)
  8 vampire mosquitoes
  2 water moccasins
  4 orc warriors
  An ice beast (D:7)
  2 wolves (D:11)
  2 ogres
  3 centaurs (D:9)
  A kobold brigand (D:12)
  3 gnoll sergeants
  20 killer bees
  A water moccasin skeleton (D:6)
  5 wights (D:8)
  A howler monkey (D:13)
  A hound (D:5)
  An orc priest (D:11)
  2 centaur skeletons
  An iguana (D:4)
  Natasha (twice) (D:3)
  11 orc wizards
  A hound skeleton (D:5)
  2 howler monkey zombies (D:9)
  6 gnolls
  6 adders
  A worm (D:10)
  3 dart slugs
  12 orcs
  5 bats
  5 endoplasms (D:1)
  4 hobgoblins
  10 jackals
  A quokka (D:3)
  6 ball pythons
  A frilled lizard (D:1)
  3 goblins
  7 kobolds
  A kobold zombie (D:8)
  4 rats
184 creatures vanquished.

Vanquished Creatures (collateral kills)
  Erica (D:8)
  A two-headed ogre (D:11)
  A deep elf pyromancer (D:11)
  A cyclops (D:11)
  A gargoyle (D:11)
  Maggie (D:8)
  A meliai (D:12)
  A troll (D:11)
  A basilisk (D:11)
  3 orcs (D:11)
12 creatures vanquished.

Vanquished Creatures (others)
  A slime creature (D:13)
  A yak (D:9)
  Grum (D:11)
  A water moccasin (D:6)
  A black bear (D:8)
  2 centaurs
  A kobold brigand (D:9)
  A bullfrog (D:8)
  A wyvern zombie (D:8)
  A scorpion (D:6)
  2 howler monkeys
  A centaur zombie (D:9)
  A human zombie (D:8)
  28 jellies
  An iguana (D:4)
  A gnoll shaman (D:8)
  Natasha (D:3)
  An orc wizard (D:4)
  2 howler monkey zombies
  5 gnolls
  5 adders
  A shadow imp (D:6)
  An ufetubus (D:4)
  A worm (D:2)
  A dart slug (D:4)
  3 orcs (D:4)
  3 endoplasms (D:4)
  A goblin (D:4)
  A quokka (D:4)
  4 ball pythons
  2 bats (D:2)
  4 kobolds
  A kobold zombie (D:8)
  4 fungi (D:2)
  15 plants (D:4)
101 creatures vanquished.

Grand Total: 297 creatures vanquished

Notes
Turn   | Place    | Note
-------+----------+-------------------------------------------
     0 | D:1      | Gabide the Mummy Necromancer began the quest for the Orb.
     0 | D:1      | Reached XP level 1. HP: 13/13 MP: 4/4
   247 | D:1      | Reached XP level 2. HP: 20/20 MP: 1/5
   414 | D:1      | Reached skill level 1 in Fighting
   873 | D:1      | Reached XP level 3. HP: 26/26 MP: 4/7
   918 | D:1      | Learned a level 3 spell: Vampiric Draining
  1215 | D:2      | Found a faded altar of an unknown god.
  1235 | D:2      | Got Plato's Grimoire of Dislocation
  1236 | D:2      | Prayed at the altar of an unknown god.
  1236 | D:2      | Became a worshipper of Jiyva Jemuse the Shapeless
  1236 | D:2      | Reached * piety under Jiyva
  1469 | D:2      | Reached XP level 4. HP: 33/33 MP: 5/8
  1560 | D:2      | Reached ** piety under Jiyva
  1594 | D:2      | Found Tofauno's Magic Scroll Shoppe.
  1600 | D:2      | Bought a scroll of teleportation for 36 gold pieces
  2131 | D:3      | Noticed Natasha
  2137 | D:3      | Killed Natasha
  2203 | D:3      | Noticed Natasha
  2205 | D:3      | Killed Natasha
  2253 | D:3      | Reached *** piety under Jiyva
  2289 | D:3      | Noticed Natasha
  2296 | D:3      | Killed Natasha
  2297 | D:3      | Reached XP level 5. HP: 39/39 MP: 5/10
  2671 | D:4      | Reached skill level 5 in Necromancy
  2674 | D:4      | Reached XP level 6. HP: 47/47 MP: 4/11
  2908 | D:4      | Found Ciefecvy's Distillery.
  2962 | D:4      | Found a staircase to the Ecumenical Temple.
  3015 | D:5      | Entered Level 5 of the Dungeon
  3115 | D:5      | Learned a level 4 spell: Animate Dead
  3202 | D:5      | Found a blossoming altar of Fedhas.
  3602 | D:6      | Noticed a water moccasin
  3608 | D:6      | Killed a water moccasin
  3609 | D:6      | Reached XP level 7. HP: 53/53 MP: 5/13
  3738 | D:6      | Found a broken altar of Ashenzari.
  3759 | D:6      | Reached **** piety under Jiyva
  4150 | D:7      | Learned a level 5 spell: Agony
  4180 | D:7      | Identified the +4 broad axe of Dishonesty {vorpal, Dex+5}
  4187 | D:7      | Reached skill level 6 in Necromancy
  4239 | D:7      | Found a shadowy altar of Dithmenos.
  4456 | D:7      | Found an ancient bone altar of Kikubaaqudgha.
  4484 | D:7      | Reached XP level 8. HP: 53/61 MP: 2/15
  4487 | D:7      | Reached skill level 1 in Axes
  4583 | D:7      | Reached skill level 5 in Fighting
  4583 | D:7      | Reached skill level 5 in Spellcasting
  4860 | D:8      | Found a sparkling altar of Nemelex Xobeh.
  4869 | D:8      | Reached skill level 5 in Dodging
  4903 | D:8      | Reached ***** piety under Jiyva
  4928 | D:8      | Noticed Erica
  4936 | D:8      | Killed Erica
  4937 | D:8      | Reached skill level 7 in Necromancy
  4937 | D:8      | Reached XP level 9. HP: 31/69 MP: 17/17
  5082 | D:8      | Found a runed translucent door.
  5084 | D:8      | Found a basalt altar of Yredelemnul.
  5109 | D:8      | Noticed Maggie
  5210 | D:8      | Killed Maggie
  5560 | D:8      | Noticed Maurice
  5569 | D:8      | Killed Maurice
  5832 | D:9      | Found an opulent altar of Gozag.
  5860 | D:9      | Noticed an obsidian statue
  5914 | D:9      | Reached skill level 8 in Necromancy
  6023 | D:9      | Noticed a two-headed ogre
  6026 | D:9      | Slimified a two-headed ogre
  6026 | D:9      | a two-headed ogre changed into a slime creature
  6071 | D:9      | Found Zocuen's Antique Weapon Boutique.
  6217 | D:9      | Found a stormy altar of Qazlal.
  6623 | D:9      | Found a shimmering blue altar of Sif Muna.
  6712 | D:10     | Entered Level 10 of the Dungeon
  6740 | D:10     | Noticed a troll
  6749 | D:10     | Killed a troll
  6793 | D:10     | Reached XP level 10. HP: 49/79 MP: 6/20
  6863 | D:10     | Found a snail-covered altar of Cheibriados.
  6902 | D:10     | Found a staircase to the Lair.
  6911 | D:10     | Found a shimmering altar of Xom.
  7022 | D:10     | Found a hide-covered altar of Uskayaw.
  7118 | D:10     | Noticed Nergalle
  7132 | D:10     | Killed Nergalle
  7471 | D:10     | Noticed Joseph
  7484 | D:10     | Killed Joseph
  7485 | D:10     | Reached skill level 9 in Necromancy
  7685 | D:11     | Noticed a deep elf pyromancer
  7686 | D:11     | Noticed a cyclops
  7686 | D:11     | Noticed a two-headed ogre
  7698 | D:11     | Noticed Sonja
  7702 | D:11     | Killed Sonja
  7704 | D:11     | Noticed a gargoyle
  7710 | D:11     | Killed a gargoyle
  7711 | D:11     | Reached XP level 11. HP: 87/87 MP: 22/22
  7714 | D:11     | Killed a deep elf pyromancer
  7719 | D:11     | Noticed Grum
  7737 | D:11     | Killed a two-headed ogre
  7738 | D:11     | Reached skill level 10 in Necromancy
  7758 | D:11     | Your ally Grum died
  8065 | D:11     | Found Havy's Weapon Shoppe.
  8133 | D:11     | Found a staircase to the Orcish Mines.
  8794 | D:12     | Noticed an eight-headed hydra
  8817 | D:12     | Killed an eight-headed hydra
  8941 | D:12     | Noticed a boulder beetle
  8947 | D:12     | Killed a boulder beetle
  9019 | D:12     | Reached skill level 5 in Axes
  9020 | D:12     | Noticed a two-headed ogre
  9027 | D:12     | Reached skill level 10 in Fighting
  9032 | D:12     | Killed a two-headed ogre
  9477 | D:13     | Noticed a phantasmal warrior
  9481 | D:13     | Noticed a death knight
  9484 | D:13     | Reached XP level 12. HP: 40/97 MP: 21/24
  9503 | D:13     | Killed a death knight
  9556 | D:12     | Reached skill level 11 in Necromancy
  9611 | D:13     | Noticed a boulder beetle
  9621 | D:13     | Slain by a boulder beetle

Illustrated notes

Levels and vault maps discovered:
D:1:      grunt_arrival_crossed_arrows, layout_basic, grunt_decor_mini_mirrors
D:2:      layout_basic, serial_shops, shop, shapermc_ecumenical_altar_rom_forum,
          uniq_crazy_yiuf_cottage
D:3:      layout_rooms, minivault_5, uniq_natasha
D:4:      layout_rooms, minmay_temple_entry_statues_pillars, serial_shops, shop,
          nicolae_grassy_gnolls
D:5:      layout_rooms, mainiacjoe_overflow_24_doors, tso_altar
D:6:      layout_cave_pools, lemuel_crystal_altar
D:7:      layout_basic, nicolae_overflow_hidden_temple, grunt_dithmenos_smoke
D:8:      black_bear_nest_1, layout_basic, mainiacjoe_overflow_chevrons,
          dk_yredelemnul_ordeal, nicolae_underground_beach, uniq_maurice,
          uniq_maggie, uniq_erica
D:9:      minmay_skewed_foursquare, layout_loops_ring,
          nicolae_sif_muna_little_library, nicolae_gozag_seed_capital,
          mainiacjoe_overflow_paths, st_stairs_11, nicolae_stop_n_shop_2,
          kennysheep_small_spiral, minmay_protected_statue
D:10:     layout_small_grid, cheibrodos_worm_habitat,
          mainiacjoe_overflow_concentric_impassable, lemuel_round_altar,
          uniq_nergalle, uniq_joseph
D:11:     layout_loops_ring, david_orc_2, serial_shops, shop, grunt_tough_drop,
          uniq_sonja, uniq_grum
D:12:     layout_rooms, special_room [special_room_bee]
D:13:     layout_layer_cave, david_vaults_5, okawaru_metal_pillars_1_2,
          uniq_rupert

Skill      XL: |  1  2  3  4  5  6  7  8  9 10 11 12 |
---------------+-------------------------------------+-----
Fighting       | 1 2 3 4 6 7 8 10 | 10.2
Dodging        | 2 3 4 5 6 7 8 |  8.8
Spellcasting   | 3 4 5 6 7 8 |  8.9
Necromancy     | 5 6 7 8 9 10 11 | 11.0
Axes           | 2 3 4 5 |  5.2
Stealth        | |  1.5

Action                   |  1- 3 |  4- 6 |  7- 9 | 10-12 || total
-------------------------+-------+-------+-------+-------++-------
Melee: Unarmed           |     2 |       |       |       ||     2
       Mace              |    24 |    22 |       |       ||    46
       Punch             |     1 |       |       |     1 ||     2
       Spear             |       |    18 |     1 |       ||    19
       Broad axe         |       |       |    83 |    76 ||   159
Throw: Throwing net      |       |       |       |     1 ||     1
 Cast: Pain              |    75 |    61 |    19 |    18 ||   173
       Vampiric Draining |       |    13 |    46 |    45 ||   104
       Animate Dead      |       |     1 |     1 |     2 ||     4
       Agony             |       |       |     2 |    12 ||    14
Invok: Oozemancy         |       |     1 |     3 |     5 ||     9
       Slimify           |       |       |     1 |     1 ||     2
Evoke: Wand              |       |       |       |     4 ||     4
  Use: Scroll            |       |     7 |     6 |     4 ||    17
 Stab: Distracted        |     1 |       |       |       ||     1
       Sleeping          |       |       |     2 |       ||     2
       Held in net/web   |       |       |       |     1 ||     1
Armor: Robe              |     8 |    17 |    29 |    39 ||    93
Dodge: Dodged            |    33 |    52 |   129 |   142 ||   356
